 Dungeon Crawl Stone Soup version 0.23-a0-814-g91b4073 (webtiles) character file.

83117 Inarius the Ripper (level 15, -5/74 HPs)
             Began as a Felid Berserker on Jan 20, 2019.
             Was the Champion of Trog.
             Slain by a merfolk
             ... wielding a +0 spear
              (7 damage)
             ... on level 3 of the Shoals on Jan 21, 2019.
             The game lasted 01:34:12 (43067 turns).

Inarius the Ripper (Felid Berserker)               Turns: 43067, Time: 01:34:12

Health: -5/74      AC:  3    Str: 23    XL:     15   Next: 31%
Magic:  0/26       EV: 28    Int: 11    God:    Trog [******]
Gold:   1668       SH:  0    Dex: 17    Spells: 14/14 levels left
                                        Lives:  0   Deaths: 2

rFire    . . .     SeeInvis +     - Unarmed
rCold    + . .     Gourm    .   (shield unavailable)
rNeg     . . .     Faith    .   (armour unavailable)
rPois    .         Spirit   +   (helmet unavailable)
rElec    .         Reflect  .   (cloak unavailable)
rCorr    .         Harm     .   (gloves unavailable)
MR       ++++.                  (boots unavailable)
Stlth    ++++++++..             D - amulet of guardian spirit
HPRegen  1.22/turn              o - +5 ring of strength
MPRegen  0.20/turn              Q - +5 ring of slaying

@: regenerating, quick
A: very small, no armour, no weapons or thrown items, stealth, claws 1, fangs 3,
thin skeletal structure 1, see invisible, blink, carnivore, speed 1, shaggy fur
3, slow metabolism 1, sharp paws
a: Blink, Berserk, Trog's Hand, Brothers in Arms, Renounce Religion


You were on level 3 of the Shoals.
You worshipped Trog.
Trog was exalted by your worship.
You were very full.

You visited 5 branches of the dungeon, and saw 29 of its levels.
You also visited: Bailey.

You collected 3586 gold pieces.
You spent 1918 gold pieces at shops.

Inventory:

Jewellery
 k - an uncursed ring of magical power
 o - a +5 ring of strength (left paw)
 s - an uncursed ring of resist corrosion
 u - an uncursed amulet of regeneration
 y - a +4 ring of evasion
 D - an amulet of guardian spirit (around neck)
 H - an uncursed ring of poison resistance
 J - the ring "Uvicoo" {*Corrode rPois rF+++ Dex-6 Stlth+}
   (You found it on level 5 of the Lair of Beasts)

   [ring of dexterity]

   It affects your dexterity (-6).
   It renders you almost immune to fire.
   It protects you from poison.
   It may corrode you when you take damage.
   It makes you more stealthy.
 Q - a +5 ring of slaying (right paw)
 R - an uncursed ring of stealth
 T - the ring of the Crown {+Blink rC+ Str-3 SInv Stlth-}
   (You took it off an orc on level 12 of the Dungeon)

   [ring of strength]

   It affects your strength (-3).
   It protects you from cold.
   It lets you see invisible.
   It lets you blink.
   It makes you less stealthy.
 Y - an uncursed ring of protection from magic
Wands
 f - a wand of scattershot (19)
 q - a wand of flame (20)
 z - a wand of random effects (60)
 A - a wand of paralysis (36)
 B - a wand of polymorph (21)
 F - a wand of enslavement (11)
 G - a wand of disintegration (11)
 K - a wand of iceblast (24)
 O - a wand of acid (18)
Scrolls
 b - 4 scrolls of fog
 d - 11 scrolls of teleportation
 n - 17 scrolls of remove curse
 v - 4 scrolls of holy word
 w - a scroll of silence
 x - 8 scrolls of blinking
 C - a scroll of summoning
 E - 3 scrolls of vulnerability
 N - 3 scrolls of immolation
 P - 7 scrolls of fear
 V - a scroll of magic mapping
 X - 5 scrolls of identify
Potions
 c - 4 potions of lignification
 e - 3 potions of ambrosia
 g - 4 potions of mutation
 h - 4 potions of resistance
 i - 5 potions of brilliance
 j - 7 potions of curing
 l - 2 potions of agility
 m - 7 potions of haste
 p - 5 potions of might
 r - 5 potions of flight
 t - a potion of invisibility
 L - 5 potions of magic
 S - a potion of cancellation
Miscellaneous
 I - 2 sacks of spiders
 M - a lamp of fire
 W - 2 phantom mirrors
Comestibles
 a - 53 rations


   Skills:
 * Level 13.3 Fighting
 + Level 12.7 Dodging
 + Level 17.3 Stealth
 + Level 18.9 Unarmed Combat
 + Level 14.0 Evocations


You had 14 spell levels left.
You didn't know any spells.
Your spell library was empty.

Dungeon Overview and Level Annotations

Branches:
Dungeon (15/15)            Temple (0/1) D:5            Lair (6/6) D:8
 Shoals (3/4) Lair:3        Snake (3/4) Lair:3        Slime (0/5) Lair:5
    Orc (2/2) D:12            Elf (0/3) Orc:2        Vaults (0/5) D:14
 Depths (0/5) D:15

Altars:
Dithmenos
Gozag
Hepliaklqana
Kikubaaqudgha
Makhleb
Okawaru
Qazlal
Ru
Trog
Uskayaw
Vehumet
Wu Jian
Xom
Yredelemnul
Beogh
Jiyva

Shops:
D:4 ?   D:5 (   D:6 =   D:9 (%   D:10 [   D:12 ??}!   Orc:1 [   Orc:2 *[(}
Snake:2 :

Portals:
Hell: Lair:6

Annotations:
Snake:1 3 runed doors, Inarius's ghost, journeyman FeBe


Innate Abilities, Weirdness & Mutations

You cannot wear armour.
You are incapable of wielding weapons or throwing items.
Your paws allow you to move quietly. (Stealth)
You have sharp claws.
You have razor-sharp teeth.
You have supernaturally acute eyesight. (SInv)
You are carnivorous and can eat meat at any time.
You cover ground quickly.
Your thick and shaggy fur keeps you warm. (AC +3, rC+)
You have a slow metabolism.
Your sharp claws are effective at attacking unaware monsters.
You have a somewhat thin skeletal structure. (Dex +2, Stealth)
You can translocate small distances at will.


Message History

* * * LOW HITPOINT WARNING * * *
The merfolk closely misses you.
Your merfolk impaler hits the merfolk with a +2 trident of flaming.
Your merfolk impaler burns the merfolk.
The merfolk dies!
Trog accepts your kill. The stone closely misses your satyr.
A stone appears from out of your range of vision.
The stone hits the faun!
You hear a splash.
The merfolk throws a tomahawk.
The tomahawk hits you!
* * * LOW HITPOINT WARNING * * *
Your merfolk impaler completely misses the merfolk.
Your satyr shoots an arrow.
Trog accepts your kill.
Trog appreciates your killing of a magic user.
You feel a bit more experienced.
The satyr is no longer charmed.
The satyr is enraged by your magic-hating god!
The merfolk hits you from afar with a +0 spear!
You die...

≈≈≈c..≈≈≈≈≈≈≈≈≈≈
≈≈...≈≈≈≈≈≈≈≈≈≈≈≈≈≈
.)...c≈≈≈≈≈≈≈≈≈≈≈≈≈≈
..(c≈≈≈≈≈≈≈≈≈≈≈≈≈≈≈≈≈
..≈≈≈≈≈≈≈≈≈≈≈≈≈≈≈≈≈≈≈
≈≈≈≈≈cm≈≈≈≈≈≈≈≈≈≈≈≈≈≈
≈≈...m)......≈≈≈≈≈≈≈≈
≈..P.m.(@(..(.≈≈≈≈≈≈≈
≈.P###...(((..≈≈≈≈≈≈≈
##...#(...≈≈≈≈≈≈
#######..≈≈≈≈≈≈
#..≈≈≈≈≈≈ ##..≈≈≈≈≈≈
#<.≈≈≈≈≈≈≈
#......≈≈≈≈≈≈≈≈
.....≈≈≈≈≈≈≈≈≈≈≈


You could see a satyr, 2 merfolk, 3 fauns and a friendly merfolk impaler.

Vanquished Creatures
  Kirke (Lair:5)
  A nagaraja (Snake:3)
  2 orc warlords
  A vampire knight (D:12)
  A dire elephant (Lair:2)
  A merfolk impaler (Shoals:1)
  Erolcha (D:13)
  A vault guard (D:14)
  The ghost of Feuff the Grim Reaper, a journeyman MiFi of Yredelemnul (Lair:3)
  Harold (D:11)
  3 hydras
  11 naga warriors
  11 two-headed ogres
  4 anacondas
  A catoblepas (D:14)
  A death knight (D:15)
  5 centaur warriors
  2 ogre magi
  5 death yaks (Lair:4)
  3 tengu warriors
  8 naga sharpshooters
  An orc high priest (Orc:2)
  3 shock serpents
  A deep elf knight (D:12)
  A sixfirhy (Lair:6)
  2 salamander mystics
  3 skeletal warriors (D:11)
  A sea snake (Shoals:1)
  An unseen horror (shapeshifter) (D:14)
  3 unseen horrors
  3 naga ritualists
  A phantasmal warrior (D:15)
  4 wizards
  4 harpies (Shoals:1)
  5 orc knights
  16 ugly things
  A wolf spider (D:15)
  3 mana vipers
  4 deep elf magi
  6 cyclopes
  4 manticores
  3 orc sorcerers
  10 salamanders
  Maurice (D:8)
  2 guardian serpents
  16 black mambas
  2 merfolk sirens
  22 elephants
  12 naga magi
  A water nymph (Shoals:1)
  A smoke demon (Lair:6)
  5 gargoyles
  9 spiny frogs
  5 rime drakes (Lair:6)
  2 tengu conjurers
  3 freezing wraiths
  7 komodo dragons
  3 red devils (Lair:6)
  3 ice devils (Lair:6)
  5 trolls
  A meliai (D:12)
  8 merfolk
  A polar bear (Lair:3)
  A hornet (shapeshifter) (D:12)
  A hornet (Lair:3)
  5 blink frogs
  3 slime creatures
  A meliai zombie (D:14)
  9 dream sheep
  8 hippogriffs
  4 snapping turtles
  A redback (D:12)
  Sigmund (D:3)
  3 spriggans
  2 shadows
  A wraith (D:12)
  A vampire (D:15)
  A water elemental (Shoals:2)
  41 yaks
  10 humans
  4 basilisks
  6 wyverns
  5 hogs (Lair:5)
  Grum (Lair:1)
  A hungry ghost (D:7)
  A warg (Orc:2)
  36 nagas
  An acid dragon (D:12)
  3 hell hounds (Lair:6)
  7 water moccasins
  4 porcupines (Lair:2)
  6 sky beasts
  A black bear (Lair:3)
  A meliai simulacrum (D:14)
  6 ice beasts
  50 orc warriors
  2 phantoms (D:12)
  26 wolves
  18 ogres
  An eye of draining (D:12)
  A boggart (Lair:3)
  18 centaurs
  11 crocodiles
  2 big kobolds (D:12)
  24 bullfrogs
  A water moccasin skeleton (D:6)
  A wyvern skeleton (D:10)
  4 scorpions
  16 killer bees
  2 troll zombies (D:12)
  7 howler monkeys
  4 wights (D:9)
  4 electric eels
  12 crimson imps
  2 bullfrog zombies
  4 centaur zombies
  5 bullfrog skeletons
  4 hounds
  6 jellies
  25 orc priests
  Crazy Yiuf (D:3)
  2 centaur skeletons (D:12)
  Terence (D:3)
  7 iguanas
  27 orc wizards
  13 worker ants
  6 ogre zombies (D:12)
  A hound skeleton (D:6)
  A worker ant zombie (D:5)
  4 gnolls
  13 adders
  6 shadow imps
  6 oozes
  2 adder zombies
  3 worms
  A dart slug (D:1)
  5 leopard geckos
  147 orcs
  2 ball pythons
  7 bats
  8 giant cockroaches
  15 goblins
  7 hobgoblins
  7 jackals
  19 kobolds
  3 quokkas
  6 frilled lizards
  2 goblin skeletons (D:12)
  2 goblin zombies (D:12)
  2 hobgoblin skeletons (D:12)
  5 hobgoblin zombies (D:12)
  2 leopard gecko zombies
  4 orc skeletons (D:12)
  10 orc zombies (D:12)
  A quokka zombie (D:8)
  5 rats
  A plant (Shoals:1)
1034 creatures vanquished.

Vanquished Creatures (collateral kills)
  A hydra (Lair:3)
  A faun (Shoals:3)
  2 merfolk (Shoals:3)
4 creatures vanquished.

Vanquished Creatures (others)
  A human (D:14)
  2 nagas (Snake:3)
  2 orcs (D:12)
  30 fungi (Lair:2)
  8 plants
43 creatures vanquished.

Grand Total: 1081 creatures vanquished

Notes
Turn   | Place    | Note
-------+----------+-------------------------------------------
     0 | D:1      | Inarius the Felid Berserker began the quest for the Orb.
     0 | D:1      | Reached XP level 1. HP: 10/10 MP: 2/2
   344 | D:1      | Reached XP level 2. HP: 14/14 MP: 3/3
   390 | D:1      | Reached skill level 1 in Stealth
  1127 | D:1      | Reached ** piety under Trog
  1127 | D:1      | Reached XP level 3. HP: 9/17 MP: 4/4
  1453 | D:2      | Found an ancient bone altar of Kikubaaqudgha.
  1470 | D:2      | Reached XP level 4. HP: 21/21 MP: 5/5
  1800 | D:2      | Reached skill level 4 in Unarmed Combat
  2364 | D:3      | Found a runed door.
  2368 | D:3      | Noticed Crazy Yiuf
  2373 | D:3      | Killed Crazy Yiuf
  2373 | D:3      | Reached XP level 5. HP: 25/25 MP: 6/6
  2432 | D:3      | Noticed Terence
  2443 | D:3      | Killed Terence
  2535 | D:3      | Reached skill level 5 in Dodging
  2843 | D:3      | Gained mutation: You are covered in thick fur. (AC +2)
                  | [Felid growth]
  2843 | D:3      | Reached XP level 6. HP: 28/28 MP: 7/7
  2849 | D:3      | Reached *** piety under Trog
  3038 | D:3      | Noticed Sigmund
  3055 | D:3      | Killed Sigmund
  3055 | D:3      | Reached skill level 5 in Unarmed Combat
  3102 | D:3      | Reached skill level 5 in Stealth
  3592 | D:3      | Found a basalt altar of Yredelemnul.
  3682 | D:4      | Reached XP level 7. HP: 33/33 MP: 8/8
  3740 | D:4      | Found Bomez's Magic Scroll Shoppe.
  3747 | D:4      | Bought a scroll of magic mapping for 38 gold pieces
  3747 | D:4      | Bought a scroll of identify for 22 gold pieces
  3747 | D:4      | Bought a scroll of remove curse for 33 gold pieces
  3747 | D:4      | Bought a scroll of fear for 38 gold pieces
  3747 | D:4      | Bought a scroll of teleportation for 33 gold pieces
  3747 | D:4      | Bought a scroll of fog for 22 gold pieces
  3751 | D:4      | Bought a scroll of identify for 22 gold pieces
  3751 | D:4      | Bought a scroll of identify for 22 gold pieces
  3921 | D:4      | Found a bloodstained altar of Trog.
  4162 | D:4      | Reached skill level 1 in Evocations
  4307 | D:5      | Entered Level 5 of the Dungeon
  4316 | D:5      | Reached skill level 6 in Unarmed Combat
  4434 | D:5      | Found Silimiu's Weapon Shop.
  4632 | D:5      | Found a staircase to the Ecumenical Temple.
  4662 | D:5      | Reached **** piety under Trog
  4738 | D:5      | Reached XP level 8. HP: 17/36 MP: 10/10
  4925 | D:5      | Found a shadowy altar of Dithmenos.
  5018 | D:5      | Reached skill level 5 in Fighting
  5207 | D:5      | Reached skill level 7 in Unarmed Combat
  5523 | D:5      | Found a shadowy altar of Dithmenos.
  5969 | D:4      | Bought a scroll of identify for 22 gold pieces
  5969 | D:4      | Bought a scroll of teleportation for 33 gold pieces
  5969 | D:4      | Bought a scroll of teleportation for 33 gold pieces
  6215 | D:6      | Gained mutation: Your spells are a little easier to cast,
                  | but a little less powerful. [potion of mutation]
  6215 | D:6      | Gained mutation: You can translocate small distances at
                  | will. [potion of mutation]
  6215 | D:6      | Gained mutation: You have a somewhat thin skeletal
                  | structure. (Dex +2, Stealth) [potion of mutation]
  6215 | D:6      | Gained mutation: You evolve. [potion of mutation]
  6610 | D:6      | Reached skill level 8 in Unarmed Combat
  6636 | D:6      | Reached XP level 9. HP: 41/41 MP: 12/12
  6757 | D:6      | Found Cuesa's Jewellery Shop.
  6861 | D:6      | Found a radiant altar of Vehumet.
  7456 | D:7      | Found an iron altar of Okawaru.
  7715 | D:7      | Found an ornate altar of the Wu Jian Council.
  7715 | D:7      | Found an opulent altar of Gozag.
  7804 | D:7      | Found an iron altar of Okawaru.
  7804 | D:7      | Found a stormy altar of Qazlal.
  7805 | D:7      | Found a sacrificial altar of Ru.
  8448 | D:7      | Upgraded the game from 0.23-a0-808-gd21de94 to
                  | 0.23-a0-814-g91b4073
  8497 | D:8      | Reached ***** piety under Trog
  8509 | D:8      | Reached skill level 9 in Unarmed Combat
  8509 | D:8      | Reached skill level 5 in Evocations
  8664 | D:8      | Lost mutation: Your spells are a little easier to cast, but
                  | a little less powerful. [evolution]
  8915 | D:8      | Found a hazy altar of Hepliaklqana.
  8926 | D:8      | Noticed Maurice
  8938 | D:8      | Killed Maurice
  8988 | D:8      | Noticed a two-headed ogre
  8990 | D:8      | Killed a two-headed ogre
  8990 | D:8      | Reached XP level 10. HP: 46/46 MP: 15/15
  9182 | D:8      | Reached skill level 10 in Stealth
  9313 | D:8      | Found a staircase to the Lair.
  9522 | D:9      | Found a flagged portal.
  9662 | D:9      | Found Ofoasesili's Antique Weapon Emporium.
  9686 | Bailey   | Entered a bailey
  9783 | Bailey   | Noticed an orc knight
  9802 | Bailey   | Killed an orc knight
  9802 | Bailey   | Reached skill level 10 in Unarmed Combat
  9967 | Bailey   | Found a bloodstained altar of Trog.
 10066 | D:9      | Found Xicid's Food Shoppe.
 10171 | D:9      | Found a burning altar of Makhleb.
 10223 | D:9      | Found a hide-covered altar of Uskayaw.
 10867 | D:9      | Lost mutation: You evolve. [end of evolution]
 11436 | D:10     | Entered Level 10 of the Dungeon
 12264 | D:10     | Found Nota's Antique Armour Boutique.
 12796 | D:10     | Reached XP level 11. HP: 34/51 MP: 17/17
 13207 | D:11     | Noticed a red ugly thing
 13211 | D:11     | Killed a red ugly thing
 13229 | D:11     | Reached skill level 11 in Unarmed Combat
 13244 | D:11     | Noticed an orc knight
 13267 | D:11     | Killed an orc knight
 13669 | D:11     | Noticed a skeletal warrior
 13670 | D:11     | Noticed a skeletal warrior
 13948 | D:11     | Noticed a skeletal warrior
 14273 | D:11     | Noticed Harold
 14278 | D:11     | Killed Harold
 14516 | Lair:1   | Entered Level 1 of the Lair of Beasts
 15087 | Lair:1   | HP: 2/52 [poisoned by a black mamba]
 15558 | Lair:1   | Noticed Grum
 15565 | Lair:1   | Killed Grum
 15737 | Lair:1   | Noticed a five-headed hydra
 15744 | Lair:1   | Killed a five-headed hydra
 16338 | D:6      | Bought a +4 ring of evasion for 504 gold pieces
 16543 | Lair:2   | Reached skill level 12 in Unarmed Combat
 16790 | Lair:2   | Gained mutation: Your thick and shaggy fur keeps you warm.
                  | (AC +3, rC+) [Felid growth]
 16790 | Lair:2   | Reached XP level 12. HP: 56/56 MP: 16/19
 17206 | Lair:2   | Noticed a dire elephant
 17521 | Lair:2   | Killed a dire elephant
 17521 | Lair:2   | Reached skill level 13 in Unarmed Combat
 18062 | Lair:3   | Reached ****** piety under Trog
 18256 | Lair:3   | Noticed a five-headed hydra
 18263 | Lair:3   | Killed a five-headed hydra
 18274 | Lair:3   | Found a shadowy altar of Dithmenos.
 18297 | Lair:3   | Found a staircase to the Snake Pit.
 19008 | Lair:3   | Found a staircase to the Shoals.
 19025 | Lair:3   | Reached XP level 13. HP: 58/61 MP: 19/21
 19168 | Lair:3   | Found a runed door.
 19169 | Lair:3   | Noticed Feuff's ghost (journeyman MiFi)
 19171 | Lair:3   | Identified the cursed +1 spear of the King {freeze, rN+}
 19561 | Lair:4   | Reached skill level 10 in Fighting
 19561 | Lair:4   | Reached skill level 14 in Unarmed Combat
 19561 | Lair:4   | Reached skill level 10 in Evocations
 19635 | Lair:4   | You fall through a shaft!
 19838 | Lair:5   | Reached skill level 10 in Dodging
 20042 | Lair:5   | Noticed Kirke
 20254 | Lair:5   | Found a runed door.
 20256 | Lair:5   | Found a viscous altar of Jiyva.
 20259 | Lair:5   | Found a staircase to the Slime Pits.
 21055 | Lair:5   | Got a slimy platinum ring
 21058 | Lair:5   | Identified the cursed ring "Uvicoo" {*Corrode rPois rF+++
                  | Dex-6 Stlth+} (You found it on level 5 of the Lair of
                  | Beasts)
 21062 | Lair:5   | Identified a scroll of acquirement
 21431 | Lair:5   | Killed Kirke
 21451 | Lair:6   | Entered Level 6 of the Lair of Beasts
 22020 | Lair:6   | Reached skill level 15 in Unarmed Combat
 22341 | Lair:6   | Reached XP level 14. HP: 66/66 MP: 23/23
 22560 | Lair:6   | Found a burning altar of Makhleb.
 22940 | Lair:6   | Found a gateway to Hell.
 25299 | D:12     | Identified the cursed ring of the Crown {+Blink rC+ Str-3
                  | SInv Stlth-}
 25563 | D:12     | Found a staircase to the Orcish Mines.
 25849 | D:12     | Found Cuirat's Distillery.
 25857 | D:12     | Bought a potion of might for 48 gold pieces
 25857 | D:12     | Bought a potion of heal wounds for 60 gold pieces
 25857 | D:12     | Bought a potion of heal wounds for 60 gold pieces
 25857 | D:12     | Bought a potion of might for 48 gold pieces
 25857 | D:12     | Bought 2 potions of curing for 72 gold pieces
 25857 | D:12     | Bought a potion of haste for 120 gold pieces
 25925 | D:12     | Noticed a vampire knight
 26118 | D:12     | Found Zuymoh's Gadget Boutique.
 26127 | D:12     | Bought a wand of acid (7) for 352 gold pieces
 26127 | D:12     | Bought a wand of iceblast (10) for 224 gold pieces
 26151 | D:12     | Killed a vampire knight
 26336 | D:12     | Reached skill level 16 in Unarmed Combat
 26377 | D:12     | Found Zozy's Magic Scroll Shoppe.
 26448 | D:12     | Bought a scroll of blinking for 112 gold pieces
 26710 | D:12     | Found Imynist's Magic Scroll Shop.
 26942 | Orc:1    | Entered Level 1 of the Orcish Mines
 26942 | Orc:1    | Noticed an orc warlord
 27004 | D:12     | Reached skill level 15 in Stealth
 27018 | D:12     | Killed an orc warlord
 27526 | Orc:1    | Found Atowef's Antique Armour Boutique.
 27656 | Orc:2    | Entered Level 2 of the Orcish Mines
 27856 | Orc:2    | Found a roughly hewn altar of Beogh.
 27862 | Orc:2    | Found Kuuqyv's General Store.
 27959 | Orc:2    | Found a staircase to the Elven Halls.
 27981 | Orc:2    | Found a roughly hewn altar of Beogh.
 28302 | Orc:2    | Noticed an orc warlord
 28314 | Orc:2    | Killed an orc warlord
 28322 | Orc:2    | Reached XP level 15. HP: 59/72 MP: 14/24
 28476 | Orc:2    | Found Gaott's Antique Armour Boutique.
 28482 | Orc:2    | Found Piggial's Antique Weapon Shop.
 28483 | Orc:2    | Found a roughly hewn altar of Beogh.
 28590 | Orc:2    | Found a roughly hewn altar of Beogh.
 28706 | Orc:2    | Found a roughly hewn altar of Beogh.
 28740 | Orc:2    | Found a roughly hewn altar of Beogh.
 28748 | Orc:2    | Found Ofasuope's Gadget Boutique.
 29127 | Orc:2    | Found a roughly hewn altar of Beogh.
 29142 | Orc:2    | Found a roughly hewn altar of Beogh.
 29822 | D:13     | Noticed Erolcha
 29826 | D:13     | Killed Erolcha
 30132 | D:13     | Found a shadowy altar of Dithmenos.
 30449 | D:13     | Found a bloodstained altar of Trog.
 31206 | D:13     | Reached skill level 17 in Unarmed Combat
 32099 | D:14     | Identified the +9 glaive "Ewixezybb" {chop, MR+ Str+3}
 32728 | D:14     | Found a gate to the Vaults.
 33501 | D:15     | Entered Level 15 of the Dungeon
 34270 | D:15     | Found a staircase to the Depths.
 34777 | Lair:3   | Reached XP level 16. HP: 48/77 MP: 14/26
 34841 | Lair:3   | Killed Feuff's ghost
 34947 | Snake:1  | Entered Level 1 of the Snake Pit
 34993 | Snake:1  | Found a runed gate.
 34994 | Snake:1  | Found a runed gate.
 34994 | Snake:1  | Found a runed gate.
 34994 | Snake:1  | Noticed Inarius's ghost (journeyman FeBe)
 35500 | Snake:1  | Reached skill level 18 in Unarmed Combat
 36836 | Snake:2  | Found Zorefa's Book Emporium.
 38203 | Snake:2  | Found a shimmering altar of Xom.
 38329 | Snake:2  | Killed from afar by a shock serpent
 38330 | Snake:2  | Reached XP level 15. HP: -3/109 MP: 0/26
 39489 | Snake:3  | HP: 3/73 [black mamba (10)]
 39490 | Snake:3  | Mangled by a black mamba
 39491 | Snake:3  | Reached XP level 14. HP: -13/69 MP: 0/25
 39639 | Snake:3  | Noticed a nagaraja
 39653 | Snake:3  | Killed a nagaraja
 40527 | Snake:3  | Reached XP level 15. HP: 70/73 MP: 14/26
 40797 | Shoals:1 | Entered Level 1 of the Shoals
 43067 | Shoals:3 | HP: 2/74 [merfolk/tomahawk (5)]
 43067 | Shoals:3 | Slain by a merfolk

Vault maps used:
D:1:      lightli_arrival_isolated_outpost
D:2:      minmay_hexomino_r4
D:3:      nicolae_overflow_hidden_temple, first_ration, uniq_crazy_yiuf_cottage,
          uniq_terence, uniq_sigmund
D:4:      lemuel_doored_altar, serial_shops, nicolae_shop_trees
D:5:      minmay_thinvault, old_standard_altar, minmay_temple_entry_tees,
          serial_shops, shop_fountains, nicolae_dithmenos_the_darkroom
D:6:      vehumet_altar_wand_db, serial_rivers, chequers_serial_rivers_small_a,
          chequers_serial_rivers_micro_a, chequers_serial_rivers_micro_c,
          chequers_serial_rivers_micro_b, chequers_serial_rivers_small_b,
          chequers_serial_rivers_small_3, serial_shops, shop, chequers_garden,
          minivault_4, minmay_between
D:7:      chequers_temple_overflow_statue_of_worship,
          gammafunk_temple_overflow_wave, basic_altar
D:8:      kennysheep_mini_moat, lair_entry_dummy, uniq_maurice
D:9:      eat_drink_and_be_merry_uskayaw, bloody_makhleb, serial_shops, shop,
          shop, enter_bailey_3
D:10:     serial_shops, nicolae_shop_competitors_out_of_business
D:11:     hangedman_little_slice_of_home, uniq_harold
D:12:     minmay_the_grid_square_5x5_4x4_mashed, zombieorc2_lemuel,
          serial_shops, kennysheep_mini, nicolae_shop_waterfront,
          nicolae_shop_statue_plus, nicolae_shop_waterfront
D:13:     basic_altar, lemuel_centaur_altar, uniq_erolcha
D:14:     minmay_general_purpose_star, ximxim_vaults_locker_room,
          chequers_serial_rivers_room_a
D:15:     grunt_enter_depths_magical_seal, hangedman_abyss_or_decor_stabs
Lair:1:   serial_bayou_lagoon_a, minivault_26, uniq_grum
Lair:2:   mu_elephants_graveyard, minivault_26, beast_lair_carwin_11
Lair:3:   elwin_shoals_entry_rooms, minmay_snake_entry_spellcaster, basic_altar,
          ebering_ghost_funeral_grove, grunt_megastairs_3
Lair:4:   beast_lair_carwin_large_1, pond
Lair:5:   slime_altar_2, minmay_holes, uniq_kirke
Lair:6:   evil_forest, infiniplex_staircase_pool, grunt_megastairs_2
Shoals:1: kb_tengu_band
Shoals:3: uniq_roxanne, uniq_polyphemus
Snake:1:  gammafunk_ghost_split, serial_bayou_crossing, serial_bayou_shore_b
Snake:2:  basic_altar, serial_shops, shop
Orc:1:    serial_shops, shop
Orc:2:    grunt_orc_community_town_hall, grunt_orc_community_big_house_2,
          grunt_orc_community_big_house_1, grunt_orc_community_house_1,
          grunt_orc_community_house_2, grunt_orc_community_house_2,
          grunt_orc_community_house_1, grunt_orc_community_house_1,
          grunt_orc_community_house_3
Bailey:   bailey_axe_3, bailey

Skill      XL: |  1  2  3  4  5  6  7  8  9 10 11 12 13 14 15 16 |
---------------+-------------------------------------------------+-----
Stealth        | 1 2 3 4 5 6 7 9 10 12 13 14 17 16 | 17.3
Unarmed Combat | 4 5 6 8 9 10 12 13 15 16 17 18 | 18.9
Dodging        | 5 6 7 8 9 10 11 12 | 12.7
Fighting       | 4 5 6 7 8 9 10 13 12 | 13.3
Evocations     | 2 3 5 7 8 9 10 11 14 13 | 14.0

Action                   |  1- 3 |  4- 6 |  7- 9 | 10-12 | 13-15 | 16-18 || total
-------------------------+-------+-------+-------+-------+-------+-------++-------
Melee: Unarmed           |    68 |   126 |   290 |   536 |  1448 |   182 ||  2650
       Bite              |     5 |    11 |    29 |    74 |   204 |    31 ||   354
       Punch             |     1 |     3 |    20 |    41 |   142 |    22 ||   229
Invok: Berserk           |     3 |     9 |    14 |    22 |    32 |     5 ||    85
       Trog's Hand       |       |     1 |     1 |     2 |    15 |     3 ||    22
       Brothers in Arms  |       |       |       |     1 |       |       ||     1
Evoke: Wand              |       |       |     1 |    36 |    62 |       ||    99
  Use: Scroll            |       |       |    13 |     7 |    16 |     2 ||    38
       Potion            |       |       |     1 |     1 |     4 |       ||     6
 Stab: Sleeping          |     2 |     7 |    28 |    28 |    76 |    16 ||   157
       Distracted        |       |       |     2 |     5 |    14 |       ||    21
       Confused          |       |       |       |     1 |       |       ||     1
       Paralysed         |       |       |       |       |     3 |       ||     3
  Eat: Chunk             |    10 |    14 |    23 |    42 |    72 |    13 ||   174
       Ration            |       |       |       |       |     1 |       ||     1
Armor: Skin              |     1 |     2 |     5 |    10 |    26 |     3 ||    47
Dodge: Dodged            |    43 |    93 |   201 |   388 |  1092 |   116 ||  1933

Table legend:
 A = Non-vault XP
 B = Vault XP
 C = Vault XP percentage of total XP
 D = Non-vault monster count
 E = Vault monster count
 F = Vault count percentage of total count
                 A         B        C        D         E       F
            +---------+---------+-------+---------+---------+-------
      Total |  143609 |   77539 |  35.1 |     651 |     387 |  37.3
            +---------+---------+-------+---------+---------+-------
        D:1 |      54 |       0 |   0.0 |      24 |       0 |   0.0
        D:2 |     121 |       9 |   6.9 |      23 |       4 |  14.8
        D:3 |     211 |     316 |  60.0 |      25 |       3 |  10.7
        D:4 |     253 |       0 |   0.0 |       7 |       0 |   0.0
        D:5 |     920 |     380 |  29.2 |      39 |      14 |  26.4
        D:6 |     756 |     181 |  19.3 |      25 |       4 |  13.8
        D:7 |    1040 |       0 |   0.0 |      17 |       0 |   0.0
        D:8 |    2077 |     480 |  18.8 |      23 |       1 |   4.2
        D:9 |    1416 |     267 |  15.9 |      19 |       8 |  29.6
       D:10 |    1495 |     221 |  12.9 |      10 |      16 |  61.5
       D:11 |    4005 |    4639 |  53.7 |      14 |      38 |  73.1
       D:12 |    6800 |   13221 |  66.0 |      36 |      78 |  68.4
       D:13 |   13229 |    2777 |  17.3 |      39 |       8 |  17.0
       D:14 |    9851 |    3382 |  25.6 |      26 |      11 |  29.7
       D:15 |    9000 |    7331 |  44.9 |      25 |      11 |  30.6
     Lair:1 |    3304 |     655 |  16.5 |      14 |       5 |  26.3
     Lair:2 |    1484 |   11279 |  88.4 |       7 |      25 |  78.1
     Lair:3 |    4595 |    4388 |  48.8 |      22 |      15 |  40.5
     Lair:4 |    1906 |    5486 |  74.2 |      10 |      13 |  56.5
     Lair:5 |    4657 |    3295 |  41.4 |      25 |       7 |  21.9
     Lair:6 |    4677 |   11646 |  71.3 |      19 |      37 |  66.1
   Shoals:1 |    9213 |    1170 |  11.3 |      21 |       2 |   8.7
   Shoals:2 |    2335 |       0 |   0.0 |       7 |       0 |   0.0
   Shoals:3 |     634 |       0 |   0.0 |       3 |       0 |   0.0
    Snake:1 |   15784 |       0 |   0.0 |      32 |       0 |   0.0
    Snake:2 |   12412 |       0 |   0.0 |      24 |       0 |   0.0
    Snake:3 |   25262 |       0 |   0.0 |      53 |       0 |   0.0
      Orc:1 |    4023 |       0 |   0.0 |      41 |       0 |   0.0
      Orc:2 |    2095 |    5541 |  72.6 |      21 |      71 |  77.2
     Bailey |       0 |     875 | 100.0 |       0 |      16 | 100.0
            +---------+---------+-------+---------+---------+-------
